[Event "Team 45 45 League T47"]
[Site "Internet Chess Club"]
[Date "2010.11.11"]
[Round "2"]
[White "civilization"]
[Black "Chess2Play"]
[Result "1-0"]
[WhiteElo "1704"]
[BlackElo "1634"]
[Opening "Sicilian: Alapin's variation (2.c3)"]
[ECO "B22"]
[Time "18:06:47"]
[TimeControl "2700+45"]

1. e4 c5 2. c3 Nc6 3. d4 cxd4 4. cxd4 e6 5. Nf3 Bb4+ 6. Nc3 d5 7. e5 f6 8. Bf4
fxe5 9. Nxe5 Bxc3+ 10. bxc3 Nf6 11. Bd3 Qe7 12. O-O O-O 13. Bc2 Nxe5 14. Bxe5 a6
15. Qd3 g6 16. Qg3 Rf7 17. Rfe1 Bd7 18. Bd6 Qd8 19. Re3 Ne4 20. Bxe4 dxe4 21.
Rxe4 Qf6 22. Rf4 Qg7 23. Be5 Qf8 24. Qf3 Rxf4 25. Qxf4 Qxf4 26. Bxf4 Rc8 27. Rc1
b5 28. Kf1 b4 29. cxb4 Rxc1+ 30. Bxc1 Bb5+ 31. Ke1 Kf7 32. Kd2 Ke7 33. Ke3 Kd6
34. Ke4 Bc6+ 35. Kf4 Bxg2 36. Kg5 e5 37. dxe5+ Kxe5 38. a4 Bc6 39. a5 Be4 40.
Kh6 Kf5 41. Kxh7 g5 42. Kh6 g4 43. Kg7 Ke6 44. Kh6 Kf5 45. Kh5 Bf3 46. Kh4 Bg2
47. Kg3 Bf1 48. f3 gxf3 49. Kxf3 Bc4 50. h4 Bf7 51. Bg5 Be8 52. Ke3 Ke5 53. Kd3
Kd5 54. Kc3 Bf7 55. Kd3 Be8 56. Ke3 Ke5 57. Be7 Bf7 58. Kd3 Kd5 59. Kc3 Be8 60.
Kb3 Bf7 61. Bg5 Be8 62. Bd8 Bf7 63. Bg5 Be8 64. Bh6 Bf7 65. Bg7 Be8 66. Bf8 Bf7
67. b5 axb5 68. Kb4 Kc6 69. Bh6 Be8 70. Bf8 Kb7 71. Bg7 Kc6 72. Bd4 Kb7 73. Kc5
Ka6 74. Bc3 Kb7 75. Kd6 Bh5 76. Bb4 Bf3 77. Ke5 Kc6 78. Kf4 Be2 79. Kg5 Kd5 80.
h5 Kc4 81. Bd2 b4 82. Bxb4 Kxb4 83. h6 Bd3 84. a6 Be4 85. a7 Kb5 86. a8=Q {Black
resigns} 1-0

[Event "Team 45 45 League T47"]
[Site "Internet Chess Club"]
[Date "2010.11.14"]
[Round "2"]
[White "Nakke"]
[Black "Theodulf"]
[Result "1-0"]
[WhiteElo "1927"]
[BlackElo "1583"]
[Opening "English opening"]
[ECO "A21"]
[Time "09:01:02"]
[TimeControl "2700+45"]

1. c4 e5 2. Nc3 d6 3. g3 f5 4. Bg2 Nf6 5. Nf3 Be7 6. d4 Nbd7 7. e3 O-O 8. O-O
Kh8 9. b3 Qe8 10. Bb2 c6 11. Ne2 Qh5 12. dxe5 dxe5 13. Bxe5 Ng4 14. Nf4 Qh6 15.
Bb2 Nc5 16. Qe2 b5 17. cxb5 cxb5 18. h3 Nf6 19. Ne5 Nce4 20. Qxb5 a5 21. Qc6 Rb8
22. Rfd1 Bb7 23. Qe6 Ng5 24. Qxe7 Bxg2 25. Kxg2 Rbe8 26. Qc7 Rc8 27. Qxa5 Nfe4
28. h4 Rc2 29. Ned3 Qc6 30. Qd5 Qb6 31. Bd4 Nxf2 32. Nxf2 Ne4 33. Bxb6 Nxf2 34.
Rd2 Ng4 {Black resigns} 1-0

[Event "Team 45 45 League T47"]
[Site "Internet Chess Club"]
[Date "2010.11.14"]
[Round "2"]
[White "slipkid"]
[Black "P-K4"]
[Result "1/2-1/2"]
[WhiteElo "1633"]
[BlackElo "1452"]
[Opening "Sicilian: Alapin's variation (2.c3)"]
[ECO "B22"]
[Time "09:05:16"]
[TimeControl "2700+45"]

1. e4 c5 2. c3 g6 3. d4 cxd4 4. cxd4 d5 5. e5 Bg7 6. Nf3 Nc6 7. Nc3 Nh6 8. Be2
O-O 9. O-O Bg4 10. Qb3 Bxf3 11. Bxf3 Nxd4 12. Qxd5 Qxd5 13. Bxd5 Nhf5 14. f4
Rab8 15. Bd2 Rfd8 16. Rac1 Ne2+ 17. Nxe2 Rxd5 18. Bb4 b6 19. Rc7 a5 20. Bxe7
Nxe7 21. Rxe7 Rd2 22. Nc3 Rxb2 23. Rf2 Rxf2 24. Kxf2 Rc8 25. Nd5 b5 26. Rc7 Rxc7
27. Nxc7 b4 28. Ke3 Kf8 29. Kd4 Ke7 30. Kc5 Kd7 31. Na6 Ke6 32. Kb5 Kf5 33. g3
Kg4 34. Kxa5 Kh3 35. Nxb4 Kxh2 36. a4 Kxg3 37. Nd5 h5 38. Kb5 h4 39. a5 h3 40.
a6 h2 41. a7 h1=Q 42. a8=Q Qf1+ {Game drawn by mutual agreement} 1/2-1/2

[Event "Team 45 45 League T47"]
[Site "Internet Chess Club"]
[Date "2010.11.12"]
[Round "2"]
[White "Gilguli"]
[Black "micky1943"]
[Result "0-1"]
[WhiteElo "1416"]
[BlackElo "1799"]
[Opening "Nimzo-Indian: three knights variation"]
[ECO "E21"]
[Time "10:02:38"]
[TimeControl "2700+45"]

1. d4 Nf6 2. c4 e6 3. Nc3 Bb4 4. Nf3 c5 5. a3 Bxc3+ 6. bxc3 O-O 7. Bf4 Qa5 8.
Qc2 cxd4 9. Nxd4 Nc6 10. Nb3 Qa4 11. e3 e5 12. Bg5 Na5 13. Rb1 Nxc4 14. Bxc4
Qxc4 15. Bxf6 gxf6 16. Nd2 Qc6 17. O-O d5 18. Rb4 Be6 19. Rh4 f5 20. Nf3 f6 21.
Rb1 b6 22. Rbb4 Rfc8 23. Rbg4+ fxg4 24. Qxh7+ Kf8 25. Qh8+ Ke7 26. Qg7+ Kd6 27.
Rh6 Qxc3 28. h3 gxf3 29. Rxf6 Qc1+ 30. Kh2 Rg8 {White resigns} 0-1

[Event "Team 45 45 League T47"]
[Site "Internet Chess Club"]
[Date "2010.11.14"]
[Round "2"]
[White "Sinuhe"]
[Black "rookmaster23"]
[Result "0-1"]
[WhiteElo "1438"]
[BlackElo "1542"]
[Opening "Sicilian defense"]
[ECO "B20"]
[Time "16:01:05"]
[TimeControl "2700+45"]

1. e4 c5 2. Bc4 e6 3. Nc3 Nc6 4. a3 Nf6 5. d3 Be7 6. Ba2 O-O 7. f4 b6 8. Nf3 Bb7
9. O-O Qc7 10. Ne2 Rfd8 11. Ng3 e5 12. f5 d5 13. Qe1 dxe4 14. dxe4 Nd4 15. Ng5
c4 16. Bb1 Bc5 17. Be3 h6 18. c3 hxg5 19. cxd4 Bxd4 20. Bxd4 Rxd4 21. Bc2 Qc5
22. Kh1 Qc6 23. Qe3 Rc8 24. Qxg5 c3 25. b4 Qc4 26. Nh5 Nxh5 27. Qxh5 Bxe4 28.
Bxe4 Rxe4 29. f6 Rh4 30. Qxe5 c2 31. Qe3 Re4 32. Qg3 Rg4 33. Qe3 Qc6 34. Rg1
Qxf6 35. Rac1 Qd6 36. h3 Rd4 37. Qb3 Rd3 38. Qa2 Rd1 39. Rxc2 Rxg1+ 40. Kxg1
Qd1+ {White resigns} 0-1

[Event "Team 45 45 League T47"]
[Site "Internet Chess Club"]
[Date "2010.11.13"]
[Round "2"]
[White "arconia"]
[Black "ticopatzer"]
[Result "0-1"]
[WhiteElo "1336"]
[BlackElo "1565"]
[Opening "Robatsch (modern) defense"]
[ECO "B06"]
[Time "12:00:29"]
[TimeControl "2700+45"]

1. e4 g6 2. Nf3 Bg7 3. Be2 c5 4. O-O Nc6 5. c3 d5 6. e5 Nxe5 7. d4 Nxf3+ 8. Bxf3
cxd4 9. cxd4 e6 10. Nc3 Ne7 11. Bg5 O-O 12. Rc1 Qd7 13. Ne2 Nf5 14. Bg4 b6 15.
Bf4 Ba6 16. Bxf5 exf5 17. Rc7 Qb5 18. Rc2 Rac8 19. Re1 Rxc2 20. Qxc2 Re8 21. Be3
Qc4 22. Qb1 Re4 23. b3 Qc6 24. Rc1 Qe6 25. Nf4 Qd6 26. Nh3 Bxd4 27. Bh6 Bg7 28.
Bxg7 Kxg7 29. Ng5 Re2 30. h4 d4 31. h5 d3 32. h6+ Kg8 33. Qa1 f6 34. Nf3 Bb7 35.
Qc3 Bxf3 36. Qc8+ Kf7 37. Rc7+ Re7 38. Rc1 d2 39. gxf3 Re1+ 40. Kg2 dxc1=Q 41.
Qh8 {White resigns} 0-1

[Event "Team 45 45 League T47"]
[Site "Internet Chess Club"]
[Date "2010.11.11"]
[Round "2"]
[White "spunni"]
[Black "OpenMind"]
[Result "0-1"]
[WhiteElo "1804"]
[BlackElo "2001"]
[Opening "Four knights: Scotch, 4...exd4"]
[ECO "C47"]
[Time "10:30:19"]
[TimeControl "2700+45"]

1. e4 e5 2. Nf3 Nc6 3. Nc3 Nf6 4. d4 exd4 5. Nxd4 Bb4 6. Nxc6 bxc6 7. Bd3 d5 8.
exd5 cxd5 9. O-O O-O 10. Bg5 c6 11. Qf3 Be7 12. Rae1 Rb8 13. Nd1 Be6 14. h3 Nd7
15. Bf4 Rb7 16. Re2 Nc5 17. c3 Nxd3 18. Qxd3 Bf6 19. Rfe1 Qa5 20. a3 Qa4 21. Qg3
Rd8 22. Ne3 c5 23. Ng4 Bxg4 24. Qxg4 g6 25. Bh6 Qc6 26. Qf4 Bg7 27. Re7 Rf8 28.
b4 cxb4 29. cxb4 Rd7 30. Re8 Rd8 31. Rxd8 Rxd8 32. Re7 Rf8 33. Rxa7 Bxh6 34.
Qxh6 d4 35. Qf4 d3 36. Qd4 Qc2 37. Kh2 d2 38. Rd7 Qa2 39. Qxd2 Qxa3 40. Qd6 Qa4
41. f3 h5 42. Kg3 Qb5 43. Rc7 Qg5+ 44. Kh2 Rd8 45. Qg3 Qe3 46. Rc5 Rd1 47. Qe5
Qg1+ 48. Kg3 h4+ 49. Kxh4 Qf2+ 50. g3 Rd4+ 51. f4 Rd8 52. b5 Qf3 53. Qg5 Re8 54.
Rd5 Kg7 55. b6 Rh8+ 56. Qh5 Rxh5+ 57. Rxh5 Qxh5# {White checkmated} 0-1

[Event "Team 45 45 League T47"]
[Site "Internet Chess Club"]
[Date "2010.11.13"]
[Round "2"]
[White "Kodos"]
[Black "perikitosax"]
[Result "1-0"]
[WhiteElo "1962"]
[BlackElo "1930"]
[Opening "Sicilian: Alapin's variation (2.c3)"]
[ECO "B22"]
[Time "12:06:38"]
[TimeControl "2700+45"]

1. e4 c5 2. c3 Nf6 3. e5 Nd5 4. d4 cxd4 5. Nf3 e6 6. cxd4 d6 7. Bc4 Nc6 8. O-O
Be7 9. Qe2 O-O 10. Nc3 Nxc3 11. bxc3 dxe5 12. dxe5 b6 13. Re1 Bb7 14. Bd3 Qc7
15. Ng5 Bxg5 16. Bxg5 Ne7 17. h4 Nf5 18. Qg4 Qxc3 19. Rad1 Kh8 20. Bxf5 exf5 21.
Qxf5 Rae8 22. Re3 Qc6 23. Rg3 Re6 24. Bf6 Rg8 25. Rxg7 Rxg7 26. Qg5 Qxg2+ 27.
Qxg2 Rxf6 28. Rd8+ {Black resigns} 1-0

[Event "Team 45 45 League T47"]
[Site "Internet Chess Club"]
[Date "2010.11.14"]
[Round "2"]
[White "CapitanTrueno"]
[Black "porgue"]
[Result "0-1"]
[WhiteElo "1777"]
[BlackElo "1667"]
[Opening "Ruy Lopez: Berlin defense, open variation"]
[ECO "C67"]
[Time "17:00:18"]
[TimeControl "2700+45"]

1. e4 e5 2. Nf3 Nc6 3. Bb5 Nf6 4. O-O Nxe4 5. d4 Nd6 6. Bxc6 dxc6 7. dxe5 Nf5 8.
Qxd8+ Kxd8 9. Nc3 Bd7 10. b3 Kc8 11. Bb2 b6 12. Ne2 Be7 13. Rfe1 c5 14. c4 Bc6
15. Rad1 Bxf3 16. gxf3 Nh4 17. Rd3 Rd8 18. Red1 Nxf3+ 19. Kg2 Ne1+ {White
resigns} 0-1

[Event "Team 45 45 League T47"]
[Site "Internet Chess Club"]
[Date "2010.11.11"]
[Round "2"]
[White "QueensCounselor"]
[Black "TerryMalloy"]
[Result "1/2-1/2"]
[WhiteElo "2143"]
[BlackElo "2035"]
[Opening "Petrov: classical attack, Chigorin variation"]
[ECO "C42"]
[Time "14:19:32"]
[TimeControl "2700+45"]

1. e4 e5 2. Nf3 Nf6 3. Nxe5 d6 4. Nf3 Nxe4 5. d4 d5 6. Bd3 Nc6 7. O-O Be7 8. Re1
Bg4 9. Bxe4 dxe4 10. Rxe4 Bxf3 11. Qxf3 Nxd4 12. Qd3 Ne6 13. Qe2 O-O 14. Nc3 c6
15. Be3 Qc7 16. Rd1 Rfd8 17. Re1 {Game drawn by mutual agreement} 1/2-1/2

[Event "Team 45 45 League T47"]
[Site "Internet Chess Club"]
[Date "2010.11.15"]
[Round "2"]
[White "Boromir"]
[Black "fledermaus"]
[Result "1/2-1/2"]
[WhiteElo "1994"]
[BlackElo "1854"]
[Opening "Sicilian defense"]
[ECO "B40"]
[Time "16:03:17"]
[TimeControl "2700+45"]

1. e4 c5 2. Nf3 e6 3. c3 Ne7 4. d4 cxd4 5. cxd4 d5 6. Nc3 dxe4 7. Nxe4 Nd5 8.
Be2 Be7 9. O-O O-O 10. Bd2 Nc6 11. Rc1 Bd7 12. Nc5 Be8 13. Qb3 Qb6 14. Nxb7 Rb8
15. Nc5 Nxd4 16. Nxd4 Bxc5 17. Qxb6 axb6 18. Nb5 Bc6 19. Rfd1 Rfd8 20. a3 Ba8
21. Bf3 Nf6 22. Bxa8 Rxa8 23. Bg5 {Game drawn by mutual agreement} 1/2-1/2

[Event "Team 45 45 League T47"]
[Site "Internet Chess Club"]
[Date "2010.11.13"]
[Round "2"]
[White "jonesey"]
[Black "Oneflewover"]
[Result "1/2-1/2"]
[WhiteElo "1953"]
[BlackElo "1909"]
[Opening "Scandinavian defense"]
[ECO "B01"]
[Time "09:00:21"]
[TimeControl "2700+45"]

1. e4 d5 2. exd5 Nf6 3. d4 Bg4 4. Be2 Bxe2 5. Qxe2 Qxd5 6. Nf3 Nc6 7. O-O e6 8.
Nc3 Qh5 9. Qb5 Qxb5 10. Nxb5 O-O-O 11. Ne5 Nxe5 12. dxe5 Ng4 13. Nxa7+ Kb8 14.
Nb5 Nxe5 15. Bf4 Bd6 16. Nxd6 cxd6 17. Bxe5 dxe5 18. Rfd1 Kc7 19. Kf1 Rd5 20.
Ke2 Rhd8 21. a3 {Game drawn by mutual agreement} 1/2-1/2

[Event "Team 45 45 League T47"]
[Site "Internet Chess Club"]
[Date "2010.11.20"]
[Round "2"]
[White "alexping"]
[Black "fishhead"]
[Result "1-0"]
[WhiteElo "1960"]
[BlackElo "1817"]
[Opening "Nimzo-Indian: classical variation"]
[ECO "E32"]
[Time "12:02:43"]
[TimeControl "2700+45"]

1. d4 Nf6 2. c4 e6 3. Nc3 Bb4 4. Qc2 b6 5. f3 Nc6 6. e3 O-O 7. a3 Be7 8. Bd3 h6
9. Nge2 d5 10. O-O e5 11. cxd5 exd4 12. Nb5 Ne5 13. e4 Nxd3 14. Qxd3 Ba6 15. a4
c5 16. dxc6 Bc5 17. Bd2 Qd6 18. b4 Bxb4 19. Bxb4 Qxb4 20. Qxd4 Qe7 21. Nf4 Rfd8
22. Nd5 Nxd5 23. exd5 Qc5 24. Qxc5 bxc5 25. Rfd1 Kf8 26. d6 f6 27. Rac1 Bxb5 28.
axb5 Kf7 29. Rxc5 Ke6 30. d7 Ke7 31. Rc3 {Black resigns} 1-0

[Event "Team 45 45 League T47"]
[Site "Internet Chess Club"]
[Date "2010.11.14"]
[Round "2"]
[White "tryanything"]
[Black "trickey1872"]
[Result "0-1"]
[WhiteElo "1559"]
[BlackElo "1524"]
[Opening "Blackmar-Diemer: Euwe defense"]
[ECO "B01"]
[Time "17:56:45"]
[TimeControl "2700+45"]

1. e4 d5 2. d4 dxe4 3. Nc3 Nf6 4. f3 exf3 5. Nxf3 e6 6. Bd3 Be7 7. O-O O-O 8.
Qe1 Nc6 9. Qh4 Nb4 10. Ng5 Nxd3 11. Rxf6 h6 12. Rxh6 gxh6 13. cxd3 Bxg5 14. Qg3
Qxd4+ 15. Kh1 Qh4 16. Ne4 Qxg3 17. hxg3 f6 18. Bxg5 hxg5 19. Rf1 Kg7 {White
resigns} 0-1

[Event "Team 45 45 League T47"]
[Site "Internet Chess Club"]
[Date "2010.11.13"]
[Round "2"]
[White "Jazzy-Jeff"]
[Black "smsxman"]
[Result "1/2-1/2"]
[WhiteElo "1231"]
[BlackElo "1450"]
[Opening "QGD: Marshall defense"]
[ECO "D06"]
[Time "09:50:43"]
[TimeControl "2700+45"]

1. d4 d5 2. c4 Nf6 3. Nf3 Nc6 4. Nc3 e6 5. e3 Bb4 6. Bd3 O-O 7. Bd2 Re8 8. O-O
Bd6 9. Re1 a6 10. e4 dxe4 11. Nxe4 Be7 12. Bc3 Bd7 13. Qb3 Rb8 14. d5 exd5 15.
cxd5 Na7 16. Bd4 Nb5 17. Be5 Nxe4 18. Bxe4 Bd6 19. Bxd6 Nxd6 20. Bd3 Rxe1+ 21.
Rxe1 Bb5 22. Bxb5 Nxb5 23. Ne5 Nd6 24. Re3 h6 25. Rg3 Kf8 26. Qf3 Qe8 27. Ng6+
Kg8 28. Ne7+ Qxe7 29. Qc3 f6 30. Re3 Qf7 31. h3 Re8 32. Rxe8+ Nxe8 33. Qa5 Nd6
34. b3 Nb5 35. Qd2 Qe7 36. a4 Nd6 37. Qc3 b5 38. Qa5 bxa4 39. bxa4 Qe5 40. Qxa6
Qxd5 41. a5 c5 42. Qe2 c4 43. a6 Nb5 44. Qa2 Qc5 45. Qa5 c3 46. a7 Qxa7 47. Qxb5
Qa1+ 48. Kh2 Qb2 49. Qe8+ Kh7 50. Qe4+ Kh8 51. Qe8+ Kh7 52. Qe4+ Kg8 53. Qe8+
Kh7 {Game drawn by repetition} 1/2-1/2

[Event "Team 45 45 League T47"]
[Site "Internet Chess Club"]
[Date "2010.11.15"]
[Round "2"]
[White "ars-felidae"]
[Black "Skylab"]
[Result "1-0"]
[WhiteElo "1447"]
[BlackElo "1279"]
[Opening "Four knights: Scotch, 4...exd4"]
[ECO "C47"]
[Time "10:01:33"]
[TimeControl "2700+45"]

1. e4 e5 2. Nf3 Nf6 3. Nc3 Nc6 4. d4 exd4 5. Nxd4 d6 6. h3 Be7 7. Bb5 Bd7 8. Nf5
O-O 9. Nxe7+ Qxe7 10. Bg5 a6 11. Bd3 Ne5 12. Nd5 Qd8 13. O-O Ng6 14. Bxf6 gxf6
15. Qf3 Kg7 16. Qg3 c6 17. Ne3 Qc8 18. Nf5+ Kh8 19. Nxd6 Qb8 20. Rad1 Be6 21. b3
Rg8 22. Be2 Ne5 23. Qf4 Qd8 24. Nxf7+ Bxf7 25. Rxd8 Raxd8 26. Qxf6+ {Black
resigns} 1-0

[Event "Team 45 45 League T47"]
[Site "Internet Chess Club"]
[Date "2010.11.11"]
[Round "2"]
[White "Tyndale"]
[Black "DrOMM"]
[Result "0-1"]
[WhiteElo "1202"]
[BlackElo "1346"]
[Opening "Caro-Kann: classical variation"]
[ECO "B18"]
[Time "15:00:44"]
[TimeControl "2700+45"]

1. e4 c6 2. d4 d5 3. Nc3 dxe4 4. Nxe4 Bf5 5. Nc5 Qb6 6. Nf3 Nd7 7. Bd3 Bxd3 8.
Qxd3 Nxc5 9. dxc5 Qxc5 10. O-O Rd8 11. Qe2 Qb5 12. Qxb5 cxb5 13. Be3 a6 14. b3
e6 15. Bb6 Rc8 16. Rad1 Nf6 17. Nd4 Be7 18. Rd2 Nd5 19. Ba5 O-O 20. c3 Nxc3 21.
Rc2 Nd5 22. Rfc1 Rxc2 23. Rxc2 Bb4 24. Bxb4 Nxb4 25. Rc7 h6 26. Rxb7 Rd8 27. h3
Rxd4 28. a3 Nc2 29. Ra7 Rd6 30. g4 Nxa3 31. h4 g5 32. hxg5 hxg5 33. Kg2 Nc2 34.
Kg3 Nd4 35. f4 gxf4+ 36. Kxf4 Nxb3 37. Kg5 Kg7 38. Kh5 e5 39. g5 e4 40. Re7 Re6
41. Rd7 e3 42. Rd1 e2 43. Re1 Nd4 44. g6 fxg6+ 45. Kg5 Nf3+ {White resigns} 0-1

[Event "Team 45 45 League T47"]
[Site "Internet Chess Club"]
[Date "2010.11.14"]
[Round "2"]
[White "GadsHill"]
[Black "Deadly-Spike"]
[Result "1-0"]
[WhiteElo "1558"]
[BlackElo "1558"]
[Opening "Grünfeld: Stockholm variation"]
[ECO "D80"]
[Time "13:00:17"]
[TimeControl "2700+45"]

1. d4 Nf6 2. c4 g6 3. Nc3 d5 4. Bg5 c6 5. Nf3 Bg7 6. e3 h6 7. Bh4 O-O 8. Bd3
dxc4 9. Bxc4 Nbd7 10. O-O Nb6 11. Bd3 Nbd5 12. Rc1 Bg4 13. Qb3 Bxf3 14. gxf3
Nxc3 15. Rxc3 Qc8 16. Bxf6 Bxf6 17. Bxg6 Kg7 18. Be4 Rg8 19. Kh1 Qh3 20. Rg1+
Kh8 21. Rcc1 Bh4 22. Qxf7 {Black resigns} 1-0

[Event "Team 45 45 League T47"]
[Site "Internet Chess Club"]
[Date "2010.11.12"]
[Round "2"]
[White "j316chuck"]
[Black "sdcohle"]
[Result "1-0"]
[WhiteElo "1625"]
[BlackElo "1424"]
[Opening "Alekhine's defense"]
[ECO "B02"]
[Time "22:49:19"]
[TimeControl "2700+45"]

1. e4 Nf6 2. e5 Nd5 3. c4 Nb6 4. d4 e6 5. Nc3 Bb4 6. Bd2 O-O 7. a3 Bxc3 8. Bxc3
Nc6 9. Bd3 Qg5 10. Qf3 f5 11. Nh3 Qe7 12. b4 d6 13. exd6 cxd6 14. O-O Na4 15. d5
Nxc3 16. dxc6 bxc6 17. Bc2 Ne4 18. Bxe4 fxe4 19. Qxe4 Bb7 20. Rfe1 e5 21. f4 c5
22. Qe3 Rf6 23. fxe5 Re6 24. exd6 Rxe3 25. dxe7 Rxe1+ 26. Rxe1 Re8 27. bxc5 Kf7
28. Kf2 Rxe7 29. Ng5+ Ke8 30. Rxe7+ Kxe7 31. Nxh7 Ba6 32. Ke3 Bxc4 33. Kd4 Bb5
34. Ng5 Kd7 35. g3 Bc6 36. Nf7 Bg2 37. Ne5+ Kc7 38. c6 Kd6 39. h4 Bxc6 40. Nxc6
Kxc6 41. g4 Kb5 42. Kc3 Kc5 43. h5 Kd5 44. Kd3 Ke5 45. Ke3 Kf6 46. Kf4 a5 47. a4
Ke6 48. g5 Kf7 49. Kf5 Kg8 50. g6 Kh8 51. Ke6 Kg8 52. Kd6 Kf8 53. Kc5 Ke7 54.
Kb5 Kf6 55. Kxa5 Kg5 56. Kb6 Kxh5 57. a5 Kxg6 58. a6 Kh6 59. a7 g5 60. a8=Q g4
61. Qg2 Kh5 62. Kc5 Kh4 63. Kd4 g3 64. Ke4 Kg4 65. Ke3 Kh4 66. Kf4 Kh5 67. Qxg3
Kh6 68. Kf5 Kh7 69. Kf6 Kh8 70. Qg7# {Black checkmated} 1-0

[Event "Team 45 45 League T47"]
[Site "Internet Chess Club"]
[Date "2010.11.13"]
[Round "2"]
[White "MateIn42"]
[Black "kid6988"]
[Result "1-0"]
[WhiteElo "1445"]
[BlackElo "1514"]
[Opening "Scotch game"]
[ECO "C45"]
[Time "14:04:57"]
[TimeControl "2700+45"]

1. e4 e5 2. Nf3 Nc6 3. d4 exd4 4. Nxd4 Bc5 5. Nxc6 bxc6 6. Nc3 d6 7. Qf3 Qf6 8.
Be2 Qxf3 9. Bxf3 h6 10. O-O Bd4 11. Bd2 Ne7 12. Rad1 Be5 13. Be2 O-O 14. f4 Bf6
15. Rfe1 Be6 16. a3 Bxc3 17. Bxc3 f5 18. exf5 Bxf5 19. Bc4+ d5 20. Rxe7 dxc4 21.
Rxg7+ Kh8 22. Rxc7+ Kg8 23. Rg7+ Kh8 24. Rxa7+ Kg8 25. Rg7+ Kh8 26. Rd2 Rae8 27.
g4 Be4 28. Re2 Bf5 29. Rxe8 Rxe8 30. Re7+ Kg8 31. Rxe8+ Kf7 32. gxf5 Kxe8 33. a4
Kd7 34. a5 Kc7 35. f6 Kd7 36. a6 Kc7 37. f7 {Black resigns} 1-0

[Event "Team 45 45 League T47"]
[Site "Internet Chess Club"]
[Date "2010.11.14"]
[Round "2"]
[White "kingsleywang"]
[Black "dabodhi"]
[Result "0-1"]
[WhiteElo "1214"]
[BlackElo "1143"]
[Opening "Ruy Lopez: open (Tarrasch) defense"]
[ECO "C80"]
[Time "18:01:08"]
[TimeControl "2700+45"]

1. e4 e5 2. Nf3 Nc6 3. Bb5 a6 4. Ba4 Nf6 5. O-O Nxe4 6. Re1 Nc5 7. Bxc6 bxc6 8.
Nxe5 Ne6 9. d4 d6 10. Nxc6 Qd7 11. d5 Bb7 12. dxe6 fxe6 13. Nd4 e5 14. Nf3 h6
15. Nc3 Qe6 16. Be3 Be7 17. Ne2 Qg4 18. Ng3 O-O 19. h3 Qg6 20. Nh2 Rf7 21. Qd3
e4 22. Qe2 d5 23. Qg4 Bg5 24. h4 Bc8 25. Qh5 Qxh5 26. Nxh5 Bxh4 27. g3 Be7 28.
Rad1 c6 29. Kg2 Be6 30. f3 exf3+ 31. Nxf3 Bg4 32. Nf4 Bf6 33. Nd3 Raf8 34. Rf1
Re8 35. Bc5 g5 36. b3 h5 37. Nb4 h4 38. gxh4 gxh4 39. Nxc6 h3+ 40. Kg3 Rg7 41.
Rh1 Kf7 42. Ng1 Bxd1+ 43. Kxh3 Rh8# {White checkmated} 0-1

[Event "Team 45 45 League T47"]
[Site "Internet Chess Club"]
[Date "2010.11.15"]
[Round "2"]
[White "rahulr"]
[Black "BotanicalKnight"]
[Result "1/2-1/2"]
[WhiteElo "1554"]
[BlackElo "1564"]
[Opening "Réti v Dutch"]
[ECO "A04"]
[Time "20:02:19"]
[TimeControl "2700+45"]

1. Nf3 f5 2. d3 d6 3. g3 e5 4. Bg2 Nf6 5. Nc3 Be7 6. O-O O-O 7. e4 fxe4 8. dxe4
Nc6 9. Nd5 Bg4 10. Nxe7+ Qxe7 11. c3 Kh8 12. Qd3 d5 13. Ng5 dxe4 14. Nxe4 Bf5
15. Re1 Rfd8 16. Qe2 Nxe4 17. Bxe4 Bxe4 18. Qxe4 Qf7 19. Bg5 Rf8 20. Qe2 h6 21.
Be3 a6 22. b3 Qf5 23. Rad1 Rad8 24. Rxd8 Rxd8 25. Rd1 Rxd1+ 26. Qxd1 Qe4 27. h4
Kh7 28. Kf1 Ne7 29. Ke2 Qg4+ 30. Kd2 Qe4 31. Qc2 Qxc2+ 32. Kxc2 Kg6 33. Kd3 Kf5
34. f3 Nd5 35. g4+ Ke6 36. Bd2 c6 37. c4 Nb6 38. Be3 Nd7 39. b4 b5 40. Bd2 Nb6
41. c5 Nc4 42. Bc3 g6 43. Bd2 Nxd2 44. Kxd2 Kd5 45. Kd3 h5 46. g5 a5 47. bxa5
Kxc5 48. Ke4 b4 49. Kxe5 Kb5 50. Kf6 c5 51. Kxg6 c4 52. f4 c3 53. f5 c2 54. f6
c1=Q 55. f7 Qc2+ 56. Kg7 Qc3+ 57. Kg8 Qc4 58. g6 Qxa2 59. g7 Qe6 60. Kf8 Qc8+
61. Ke7 Qc7+ {Game drawn by mutual agreement} 1/2-1/2

[Event "Team 45 45 League T47"]
[Site "Internet Chess Club"]
[Date "2010.11.12"]
[Round "2"]
[White "JohLeb"]
[Black "houseofcook"]
[Result "1/2-1/2"]
[WhiteElo "1340"]
[BlackElo "1419"]
[Opening "QGD: 4.Nf3"]
[ECO "D37"]
[Time "13:00:34"]
[TimeControl "2700+45"]

1. d4 d5 2. c4 e6 3. Nc3 Nf6 4. Nf3 Be7 5. e3 O-O 6. Bd3 dxc4 7. Bxc4 Nbd7 8.
O-O c5 9. dxc5 Bxc5 10. b3 a6 11. Bb2 b5 12. Be2 Bb7 13. Qc2 Qc7 14. Rad1 Rfd8
15. a3 Bd6 16. g3 Ne5 17. Nxe5 Bxe5 18. f4 Bd6 19. b4 Qb6 20. Rd3 Rac8 21. Qd2
Be7 22. Bf3 Rxd3 23. Qxd3 Rd8 24. Qe2 Nd5 25. Nxd5 Bxd5 26. Rd1 Qb7 27. Bxd5
Rxd5 28. Rxd5 Qxd5 29. Bd4 Qb3 30. Qb2 Qxb2 31. Bxb2 f5 32. h3 h5 33. Kf2 g6 34.
h4 Kf7 35. Kf3 Bf6 36. Bxf6 Kxf6 37. e4 Ke7 38. e5 Kd7 39. Ke3 Kc7 40. Kd4 Kc6
41. Ke3 Kc7 42. Kd4 Kc6 43. Ke3 {Game drawn by mutual agreement} 1/2-1/2

[Event "Team 45 45 League T47"]
[Site "Internet Chess Club"]
[Date "2010.11.15"]
[Round "2"]
[White "blizzard13"]
[Black "Burbia"]
[Result "1/2-1/2"]
[WhiteElo "1419"]
[BlackElo "1389"]
[Opening "French defense"]
[ECO "C01"]
[Time "14:10:51"]
[TimeControl "2700+45"]

1. e4 e6 2. d4 d5 3. Nf3 dxe4 4. Ng5 c5 5. c3 Nf6 6. a4 cxd4 7. Bb5+ Nc6 8. O-O
Be7 9. cxd4 O-O 10. Bxc6 bxc6 11. Re1 Bb7 12. Nxe4 Nxe4 13. Rxe4 c5 14. Rg4 Qd5
15. Nc3 Qc6 16. Bh6 Bf6 17. f3 Rfd8 18. Be3 Rd7 19. Nb5 a6 20. Nc3 Rad8 21. Ne4
Kf8 22. Nxf6 gxf6 23. Bh6+ Ke7 24. Rc1 Qb6 25. Qc2 Rxd4 26. Rxd4 cxd4 27. b3 d3+
28. Qf2 Qxf2+ 29. Kxf2 Rc8 30. Rxc8 Bxc8 31. Ke3 e5 32. Kxd3 Be6 33. Kc2 Kd6 34.
Be3 h5 35. b4 Kc6 36. Kc3 f5 37. f4 f6 38. g3 Bd5 39. Bc5 e4 40. Be7 e3 41. Kd3
Be4+ 42. Kxe3 Kd5 43. Bxf6 Kc4 44. Be7 Kb3 45. a5 Kc4 {Game drawn by mutual
agreement} 1/2-1/2

[Event "Team 45 45 League T47"]
[Site "Internet Chess Club"]
[Date "2010.11.12"]
[Round "2"]
[White "OOB1"]
[Black "SCUGrad"]
[Result "0-1"]
[WhiteElo "1557"]
[BlackElo "1508"]
[Opening "Four knights: Scotch, 4...exd4"]
[ECO "C47"]
[Time "20:03:32"]
[TimeControl "2700+45"]

1. e4 e5 2. Nf3 Nc6 3. Nc3 Nf6 4. d4 exd4 5. Nxd4 Bb4 6. Nxc6 bxc6 7. Bd3 O-O 8.
O-O Re8 9. Qf3 d5 10. exd5 cxd5 11. h3 Bb7 12. Qf5 h6 13. Qf4 d4 14. Ne2 c5 15.
b3 Qd5 16. Qg3 Nh5 17. Qg4 Bc8 18. Bc4 Bxg4 19. Bxd5 Bxe2 20. Bxa8 Bxf1 21. Bf3
Nf6 22. Bxh6 Bxg2 23. Kxg2 gxh6 24. Rg1 Kh7 25. Kh1 Re1 26. Rxe1 Bxe1 27. Kg2
Kg6 28. Kf1 Bc3 29. Ke2 Kf5 30. Kd3 Bb4 31. Bg2 Nh5 32. Be4+ Ke5 33. Bf3 Nf4+
34. Kc4 Nxh3 35. Bd5 f6 36. f3 Ng1 37. Bb7 h5 38. Kd3 {White resigns} 0-1

[Event "Team 45 45 League T47"]
[Site "Internet Chess Club"]
[Date "2010.11.13"]
[Round "2"]
[White "katabatico"]
[Black "TheronUAL"]
[Result "0-1"]
[WhiteElo "1304"]
[BlackElo "1535"]
[Opening "Caro-Kann: Panov-Botvinnik attack, 5...e6"]
[ECO "B14"]
[Time "12:00:22"]
[TimeControl "2700+45"]

1. e4 c6 2. d4 d5 3. exd5 cxd5 4. c4 Nf6 5. Nc3 e6 6. Nf3 Bb4 7. cxd5 Nxd5 8.
Qc2 Qa5 9. Bd2 Nc6 10. Bd3 h6 11. a3 Bxc3 12. bxc3 Qc7 13. O-O Nce7 14. c4 Nf6
15. Ne5 O-O 16. Qc1 Nf5 17. Bxf5 exf5 18. Bb4 Re8 19. f4 b6 20. Rd1 Bb7 21. d5
Ne4 22. d6 Qd8 23. d7 Re6 24. a4 a5 25. Ba3 Qc7 26. d8=Q+ Rxd8 27. Rxd8+ Qxd8
28. Qc2 Qd4+ {White resigns} 0-1